cohdb
Replays
Latest Replays
All Replays
Popular Replays
Top Player Replays
Match Explorer
How It Works
Community
CoH3 Stats
Reddit
Sign in to upload your games and track your stats! →
Sign in with Steam
Match 25126613
Unlisted
Match 25126613
Overview
Messages
Build Orders
End
Construct Barracks
Riflemen Squad
Riflemen Squad
Selects Advanced Infantry Battlegroup
Construct Weapon Support Center
M1919 Machine Gun Team
Infantry Support Center
M1918 Browning Automatic Rifles
Riflemen Squad
Grenade Package
M3 Armored Personnel Carrier
Selects Convert to Ranger Squad
Selects Designate Assault Position
Designate Assault Position
Construct Motor Pool
M1 Anti-tank Gun Team
Convert to Ranger Squad
Ranger Squad
Selects Infantry Assault
Infantry Assault
Advanced Logistics
Convert to Ranger Squad
Selects Ammunition Storage
Selects M2A1 105mm Howitzer Emplacement
Selects 155mm Rapid Artillery Barrage
Ranger Squad
Construct Tank Depot
Survival Training
M1 Anti-tank Gun Team
155mm Rapid Artillery Barrage
Construct Medical Station
Ezio
TurboFraizer3000
Magiska-Greger
Nomercu
RommelF
Metalharl
^3
Africanoblanco
0
0
Comments
sign in to comment!
No comments posted yet!